 Dungeon Crawl Stone Soup version 0.21.1-1-g345015f (webtiles) character file.

98357 spiff the Martial Artist (level 16, -6/114 HPs)
             Began as an Octopode Transmuter on June 30, 2018.
             Was a High Priest of Cheibriados.
             Shot with a bolt by a naga sharpshooter (32 damage)
             ... on level 1 of the Snake Pit.
             The game lasted 01:38:49 (32471 turns).

spiff the Martial Artist (Octopode Transmuter)     Turns: 32471, Time: 01:38:50

Health: -6/114     AC:  3    Str: 23    XL:     16   Next: 22%
Magic:  32/35      EV: 27    Int: 42    God:    Cheibriados [*****.]
Gold:   2216       SH:  0    Dex: 36    Spells: 15/29 levels left

rFire    + . .     SeeInvis .     - Unarmed
rCold    . . .     Gourm    .   (shield currently unavailable)
rNeg     . . .     Faith    .   j - +2 hat
rPois    .         Spirit   .   T - amulet of regeneration
rElec    .         Reflect  .   s - +3 ring of intelligence
rCorr    .         Harm     .   f - +5 ring of dexterity
MR       +....                  n - ring of magical power
Stlth    ++++++++..             p - ring of protection from fire
HPRegen  0.69/turn              H - +5 ring of intelligence
MPRegen  0.24/turn              X - +3 ring of intelligence
                                U - +3 ring of intelligence
                                Q - +2 ring of dexterity

@: lethally poisoned (-6 -> -12), blade tentacles, very slow
A: almost no armour, stealthy swim, amphibious, 8 rings, constrict 8, camouflage
1, gelatinous body 1
a: End Transformation, Bend Time, Temporal Distortion, Slouch, Step From Time,
Renounce Religion


You were on level 1 of the Snake Pit.
You worshipped Cheibriados.
Cheibriados was extremely pleased with you.
You were not hungry.
You had blades for tentacles.
You visited 5 branches of the dungeon, and saw 25 of its levels.
You also visited: Ossuary, Ice Cave and Volcano.

You collected 2716 gold pieces.
You spent 500 gold pieces at shops.

Inventory:

Missiles
 a - 635 arrows
 D - 485 stones (quivered)
Armour
 j - a +2 hat (worn)
 r - a +0 buckler (melded)
Jewellery
 f - a +5 ring of dexterity (right scythe-like blade)
 n - a ring of magical power (on tentacle)
 p - a ring of protection from fire (on tentacle)
 s - a +3 ring of intelligence (left scythe-like blade)
 z - an uncursed amulet of the gourmand
 H - a +5 ring of intelligence (on tentacle)
 K - an uncursed amulet of faith
 Q - a +2 ring of dexterity (on tentacle)
 T - an amulet of regeneration (around mantle)
 U - a +3 ring of intelligence (on tentacle)
 X - a +3 ring of intelligence (on tentacle)
Wands
 e - a wand of disintegration (8)
 h - a wand of paralysis (18)
 l - a wand of enslavement (18)
 u - a wand of flame (11)
 L - a wand of iceblast (29)
 M - a wand of digging (15)
Scrolls
 g - a scroll of blinking
 o - 4 scrolls of identify
 w - 5 scrolls of teleportation
 y - a scroll of silence
 B - a scroll of enchant weapon
 C - 8 scrolls of remove curse
 E - 4 scrolls of fog
 G - a scroll of fear
 J - a scroll of amnesia
 R - a scroll of magic mapping
 W - a scroll of vulnerability
Potions
 d - 4 potions of agility
 i - 4 potions of heal wounds
 k - 4 potions of cancellation
 m - 2 potions of lignification
 q - 2 potions of brilliance
 x - 4 potions of curing
 A - a potion of ambrosia
 I - 3 potions of might
Books
 b - a book of Party Tricks

   Spells                             Type                      Level
   a - Summon Butterflies             Summoning                    1
   b - Apportation                    Translocation                1
   c - Lesser Beckoning               Translocation                3
   d - Tukima's Dance                 Hexes                        3
   e - Alistair's Intoxication        Transmutation/Poison         5
   f - Invisibility                   Hexes                        6
 t - a book of Maledictions

   Spells                             Type                      Level
   a - Corona                         Hexes                        1
   b - Ensorcelled Hibernation        Hexes/Ice                    2
   c - Confuse                        Hexes                        3
   d - Tukima's Dance                 Hexes                        3
   e - Dazzling Spray                 Conjuration/Hexes            3
Miscellaneous
 F - a lightning rod (4/4)
Comestibles
 c - 35 rations


   Skills:
 + Level 12.0 Fighting
 + Level 10.7 Dodging
 - Level 13.0 Stealth
 - Level 4.1 Shields
 * Level 13.7 Unarmed Combat
 - Level 7.0 Spellcasting
 - Level 3.0 Translocations
 - Level 10.0 Transmutations
 - Level 4.0 Poison Magic
 - Level 12.0 Invocations


You had 15 spell levels left.
You knew the following spells:

 Your Spells              Type           Power        Failure   Level  Hunger
a - Beastly Appendage     Tmut           ######       4%          1    None
b - Sticks to Snakes      Tmut           #######.     6%          2    None
c - Spider Form           Tmut/Pois      ######....   11%         3    None
d - Blade Hands           Tmut           #######...   14%         5    ###....
e - Lesser Beckoning      Tloc           #####.....   21%         3    None


Dungeon Overview and Level Annotations

Branches:
Dungeon (15/15)            Temple (1/1) D:6            Lair (6/6) D:11
 Shoals (0/4) Lair:4        Snake (1/4) Lair:4        Slime (0/5) Lair:6
    Orc (2/2) D:9             Elf (0/3) Orc:2        Vaults (0/5) D:14
 Depths (0/5) D:15

Altars:
Ashenzari
Cheibriados
Dithmenos
Elyvilon
Fedhas
Gozag
Hepliaklqana
Kikubaaqudgha
Makhleb
Nemelex Xobeh
Okawaru
Qazlal
Ru
Sif Muna
Trog
Uskayaw
Vehumet
Wu Jian
Xom
Yredelemnul
Zin
The Shining One
Beogh

Shops:
D:5 %   Orc:2 *:([

Annotations:
D:5 Kagorn's ghost, novice HaFi
D:12 1 runed door
Lair:6 exclusion: 2 oklob plants
Snake:1 Aizul


Innate Abilities, Weirdness & Mutations

You cannot wear most types of armour.
You are very stealthy in the water. (Stealth+)
You are amphibious.
You can wear up to eight rings at the same time.
You can use your tentacles to constrict eight enemies at once.
Your skin changes colour to match your surroundings (Stealth+).
Your rubbery body absorbs attacks. (AC +1, EV +1)


Message History

The bolt misses you.
Things that are here:
an uncursed shortbow; an uncursed long sword; 25 arrows You slice the naga sharpshooter!!
Your slash misses the naga sharpshooter.
You squeeze the naga sharpshooter.
The naga sharpshooter is heavily wounded.
You feel sick. The salamander closely misses you.
You barely miss the naga sharpshooter.
The naga sharpshooter is heavily wounded.
You feel sick.
The salamander hits you with a faintly glowing spear {venom}!
* * * LOW HITPOINT WARNING * * *
You are engulfed in flames.
You resist.
* * * LOW HITPOINT WARNING * * *
You are more poisoned.
The naga sharpshooter mumbles some strange words.
The naga sharpshooter magically shoots a bolt.
The bolt hits you!!
You die...

###..........
##............
##.............
...............
#.............
#............
#.N.N.....#
####@.....#
#..(........
#...........
#(..........
####..(...?....
##..............
##.............(.
#..............>.
...
#...)........###
..N


You could see a naga sharpshooter and a salamander.

Vanquished Creatures
  Saint Roka (Orc:2)
  Frances (D:13)
  2 dire elephants (Lair:6)
  An ettin (D:15)
  4 hydras
  A catoblepas (Lair:4)
  3 centaur warriors
  An anaconda (Lair:6)
  Erica (Lair:1)
  2 dancing weapons (D:14)
  8 two-headed ogres
  6 death yaks (Lair:4)
  A hell hog (Volcano)
  An orc high priest (Orc:2)
  A naga sharpshooter (Snake:1)
  Urug (D:13)
  Nergalle (Lair:1)
  A deep troll (D:15)
  4 skeletal warriors (D:13)
  An unseen horror (D:14)
  A deep elf archer (D:15)
  A necromancer (IceCv)
  The ghost of sefi the Charmwright, a novice GnSk (D:6)
  A harpy (shapeshifter) (D:14)
  3 orc knights (Orc:2)
  7 ugly things
  4 cyclopes
  4 orc sorcerers (Orc:2)
  A deep elf mage (D:13)
  3 salamanders (Volcano)
  3 black mambas
  30 elephants
  2 molten gargoyles (Lair:3)
  A naga mage (Snake:1)
  An ice statue (IceCv)
  10 spiny frogs
  2 rime drakes (Lair:4)
  3 yaktaurs (D:15)
  4 komodo dragons
  10 freezing wraiths (IceCv)
  3 polar bears (Lair:1)
  4 trolls
  A queen bee (Lair:4)
  3 meliai (Lair:4)
  4 merfolk (Lair:4)
  11 blink frogs
  2 meliai zombies (D:14)
  4 slime creatures (D:14)
  13 hippogriffs
  9 dream sheep
  2 shadows
  2 wraiths
  A spriggan (D:7)
  36 yaks
  2 vampires
  7 basilisks
  A fire bat (Volcano)
  3 wyverns
  4 hungry ghosts
  2 vampire mosquitoes (D:14)
  Grum (D:11)
  2 steam dragons
  A death yak simulacrum (IceCv)
  2 insubstantial wisps (D:7)
  5 wargs
  A naga (Lair:4)
  A soldier ant (D:13)
  14 water moccasins
  19 orc warriors
  3 hell hounds
  8 ice beasts
  7 porcupines
  6 sky beasts
  A phantom (D:10)
  A black bear (D:12)
  An alligator simulacrum (IceCv)
  A necrophage (D:7)
  8 ogres
  12 centaurs
  17 crocodiles
  7 wolves
  3 big kobolds
  7 bullfrogs
  An elf zombie (Ossuary)
  A water moccasin zombie (D:12)
  2 wyvern skeletons
  3 scorpions
  38 killer bees
  17 wights
  4 howler monkeys
  9 crimson imps
  3 draconian simulacra (IceCv)
  A bullfrog zombie (D:10)
  2 centaur zombies
  5 lava snakes (Lair:3)
  4 human zombies (Ossuary)
  2 jellies
  10 hounds
  21 orc priests
  4 bullfrog skeletons
  21 orc wizards
  5 centaur skeletons
  A gnoll shaman (D:7)
  Jessica (D:3)
  2 iguanas
  8 worker ants
  3 troll simulacra (IceCv)
  2 polar bear simulacra (IceCv)
  3 spriggan simulacra (IceCv)
  3 big kobold zombies (Ossuary)
  4 centaur simulacra (IceCv)
  A hound skeleton (D:6)
  2 mummies (Ossuary)
  A worker ant zombie (D:11)
  A howler monkey zombie (D:11)
  12 adders
  8 gnolls
  A howler monkey skeleton (D:4)
  2 naga simulacra (IceCv)
  5 ogre simulacra (IceCv)
  A river rat (Lair:4)
  5 shadow imps
  24 white imps
  3 oozes (D:1)
  An adder skeleton (D:5)
  3 adder zombies
  A worm (D:2)
  A dart slug (D:1)
  3 leopard geckos
  69 orcs
  A ball python (D:4)
  8 bats
  3 giant cockroaches
  12 goblins
  9 hobgoblins
  8 jackals
  5 quokkas
  7 frilled lizards
  A goblin zombie (Ossuary)
  12 hobgoblin zombies (Ossuary)
  A jackal skeleton (D:6)
  A jackal zombie (Ossuary)
  21 kobolds
  7 kobold zombies (Ossuary)
  7 orc zombies (Ossuary)
  7 rats
  A fungus (Lair:6)
  2 plants (Lair:6)
813 creatures vanquished.

Vanquished Creatures (collateral kills)
  The ghost of emiel the Grave Robber, a novice FoNe of Cheibriados (D:8)
  An orc (D:6)
  A giant cockroach (D:2)
3 creatures vanquished.

Vanquished Creatures (others)
  A gnoll (Orc:2)
  38 fungi
  17 plants
56 creatures vanquished.

Grand Total: 872 creatures vanquished

Notes
Turn   | Place    | Note
-------+----------+-------------------------------------------
     0 | D:1      | spiff the Octopode Transmuter began the quest for the Orb.
     0 | D:1      | Reached XP level 1. HP: 13/13 MP: 3/3
    77 | D:1      | Reached XP level 2. HP: 18/18 MP: 3/5
   453 | D:1      | Reached XP level 3. HP: 23/23 MP: 4/6
  1304 | D:2      | Reached XP level 4. HP: 20/28 MP: 4/7
  1332 | D:1      | Learned a level 2 spell: Sticks to Snakes
  1336 | D:1      | Learned a level 3 spell: Spider Form
  1793 | D:2      | Reached skill level 1 in Poison Magic
  2619 | D:3      | Reached XP level 5. HP: 33/33 MP: 4/8
  2755 | D:3      | Noticed a centaur
  2771 | D:3      | Killed a centaur
  3073 | D:3      | Found a sacrificial altar of Ru.
  3123 | D:3      | Noticed Jessica
  3135 | D:3      | Killed Jessica
  3135 | D:3      | Reached XP level 6. HP: 31/38 MP: 5/9
  3635 | D:4      | Reached skill level 5 in Transmutations
  3808 | D:4      | Reached XP level 7. HP: 20/44 MP: 2/10
  4004 | D:4      | Found a stormy altar of Qazlal.
  4138 | D:5      | Entered Level 5 of the Dungeon
  4186 | D:5      | Found an opulent altar of Gozag.
  4276 | D:5      | Found Gemenk's Food Boutique.
  4727 | D:5      | Noticed Kagorn's ghost (novice HaFi)
  4966 | D:5      | Found a burning altar of Makhleb.
  5089 | D:6      | Reached XP level 8. HP: 52/52 MP: 11/11
  5151 | D:6      | Found a hide-covered altar of Uskayaw.
  5804 | D:6      | Reached skill level 5 in Dodging
  5813 | D:6      | Noticed sefi's ghost (novice GnSk)
  6200 | D:6      | Killed sefi's ghost
  6200 | D:6      | Reached skill level 5 in Fighting
  6200 | D:6      | Reached skill level 5 in Unarmed Combat
  6555 | D:6      | Found a staircase to the Ecumenical Temple.
  6593 | Temple   | Entered the Ecumenical Temple
  6685 | Temple   | Became a worshipper of Cheibriados the Contemplative
  7562 | D:7      | Noticed a spriggan baker
  7570 | D:7      | Killed a spriggan baker
  7756 | D:7      | Reached XP level 9. HP: 61/61 MP: 12/12
  7826 | D:7      | Reached * piety under Cheibriados
  7844 | D:7      | Found a sand-covered staircase.
  7853 | Ossuary  | Entered an ossuary
  8094 | Ossuary  | Reached ** piety under Cheibriados
  8681 | D:7      | Reached skill level 5 in Spellcasting
  9363 | D:7      | Reached *** piety under Cheibriados
  9393 | D:7      | Reached XP level 10. HP: 71/71 MP: 17/17
  9454 | D:7      | Found a white marble altar of Elyvilon.
  9567 | D:8      | Learned a level 5 spell: Blade Hands
  9740 | D:8      | Noticed emiel's ghost (novice FoNe)
  9757 | D:8      | Killed emiel's ghost
 10055 | D:8      | Found a hazy altar of Hepliaklqana.
 10707 | D:8      | Noticed a two-headed ogre
 10724 | D:8      | Killed a two-headed ogre
 11181 | D:9      | Noticed a two-headed ogre
 11192 | D:9      | Killed a two-headed ogre
 11192 | D:9      | Reached **** piety under Cheibriados
 11192 | D:9      | Reached skill level 5 in Stealth
 11400 | D:9      | Found a staircase to the Orcish Mines.
 11501 | D:9      | Found a roughly hewn altar of Beogh.
 11568 | D:9      | Found an iron altar of Okawaru.
 11618 | D:9      | Reached XP level 11. HP: 74/75 MP: 18/18
 12108 | D:10     | Entered Level 10 of the Dungeon
 12143 | D:10     | Reached skill level 1 in Invocations
 12489 | D:10     | Reached ***** piety under Cheibriados
 13493 | D:11     | Found a staircase to the Lair.
 13767 | D:11     | Noticed Grum
 13774 | D:11     | Killed Grum
 14000 | D:11     | Noticed a brown ugly thing
 14005 | D:11     | Killed a brown ugly thing
 14005 | D:11     | Reached skill level 1 in Shields
 14389 | Lair:1   | Entered Level 1 of the Lair of Beasts
 14441 | Lair:1   | Reached skill level 5 in Invocations
 14629 | Lair:1   | Noticed Nergalle
 14678 | Lair:1   | Killed Nergalle
 14775 | Lair:1   | Reached skill level 10 in Unarmed Combat
 14977 | Lair:1   | Reached XP level 12. HP: 81/81 MP: 19/19
 14999 | Lair:1   | Reached ****** piety under Cheibriados
 15152 | Lair:1   | Noticed Erica
 15157 | Lair:1   | Killed Erica
 15351 | Lair:1   | Noticed a six-headed hydra
 15355 | Lair:1   | Killed a nine-headed hydra
 15991 | Lair:1   | Reached skill level 10 in Stealth
 16263 | Lair:2   | Found a frozen archway.
 16430 | IceCv    | Entered an ice cave
 17135 | IceCv    | Found an ancient bone altar of Kikubaaqudgha.
 19436 | Lair:3   | Found a dark tunnel.
 19478 | Volcano  | Entered a volcano
 19495 | Volcano  | Reached XP level 13. HP: 66/90 MP: 19/23
 20224 | Lair:3   | Reached skill level 10 in Fighting
 21218 | Lair:4   | Found a staircase to the Shoals.
 21593 | Lair:4   | Reached skill level 10 in Transmutations
 22092 | Lair:4   | Found a staircase to the Snake Pit.
 22431 | Lair:4   | Reached XP level 14. HP: 99/99 MP: 24/24
 22445 | Lair:4   | Reached skill level 10 in Invocations
 23743 | Lair:6   | Entered Level 6 of the Lair of Beasts
 24211 | Lair:6   | Found a staircase to the Slime Pits.
 25254 | Orc:1    | Entered Level 1 of the Orcish Mines
 25341 | Orc:2    | Entered Level 2 of the Orcish Mines
 25741 | Orc:2    | Paralysed by an orc sorcerer for 4 turns
 25800 | Orc:2    | Found a staircase to the Elven Halls.
 26056 | Orc:2    | Noticed Saint Roka
 26241 | Orc:2    | Reached XP level 15. HP: 50/105 MP: 25/25
 26460 | Orc:2    | Killed Saint Roka
 26574 | Orc:2    | Found a roughly hewn altar of Beogh.
 26681 | Orc:2    | Found Fakh's Antique Armour Shop.
 26714 | Orc:2    | Found Rebbeatu's Antique Weapon Shop.
 26736 | Orc:2    | Found Atijipn's General Store.
 26880 | Orc:2    | Found Ruzusar's Book Shop.
 26886 | Orc:2    | Bought a book of Party Tricks for 500 gold pieces
 26890 | Orc:2    | Learned a level 3 spell: Lesser Beckoning
 27919 | D:12     | Found a runed door.
 28389 | D:13     | Reached skill level 1 in Translocations
 28551 | D:13     | Noticed Frances
 28896 | D:13     | Killed Frances
 29307 | D:13     | Noticed Urug
 29318 | D:13     | Killed Urug
 29782 | D:14     | Found a flagged portal.
 29832 | D:14     | Reached skill level 10 in Dodging
 30104 | D:14     | Found a gate to the Vaults.
 30828 | D:15     | Entered Level 15 of the Dungeon
 31001 | D:15     | Found a bloodstained altar of Trog.
 31040 | D:15     | Reached XP level 16. HP: 96/114 MP: 26/26
 31292 | D:15     | Found a staircase to the Depths.
 32311 | Snake:1  | Entered Level 1 of the Snake Pit
 32391 | Snake:1  | Noticed Aizul
 32471 | Snake:1  | Shot with a bolt by a naga sharpshooter

Skill      XL: |  1  2  3  4  5  6  7  8  9 10 11 12 13 14 15 16 |
---------------+-------------------------------------------------+-----
Dodging        | 3 4 5 6 8 9 10 | 10.7
Transmutations | 3 4 5 8 10 | 10.0
Poison Magic   | 1 3 4 |  4.0
Fighting       | 3 5 7 9 10 11 12 | 12.0
Unarmed Combat | 4 6 7 10 11 13 | 13.7
Spellcasting   | 5 7 |  7.0
Stealth        | 5 6 11 13 | 13.0
Invocations    | 5 8 11 12 | 12.0
Shields        | 4 |  4.1
Translocations | 3 |  3.0

Action                   |  1- 3 |  4- 6 |  7- 9 | 10-12 | 13-15 | 16-18 || total
-------------------------+-------+-------+-------+-------+-------+-------++-------
Melee: Unarmed           |    80 |   141 |   432 |   499 |   734 |    68 ||  1954
       Constrict         |    23 |     8 |    42 |    66 |   126 |     3 ||   268
       Tentacles         |    11 |     1 |    43 |   103 |   261 |    32 ||   451
       Kick              |    15 |     4 |       |       |       |       ||    19
       Punch             |     1 |       |     5 |    42 |   124 |    12 ||   184
Throw: Throwing net      |       |       |       |     2 |       |       ||     2
       Stone             |       |       |       |    14 |    42 |     7 ||    63
 Cast: Beastly Appendage |    14 |     7 |     1 |       |       |       ||    22
       Spider Form       |       |    17 |    35 |    17 |       |       ||    69
       Sticks to Snakes  |       |     4 |    13 |     7 |     1 |       ||    25
       Blade Hands       |       |       |       |    56 |    81 |    11 ||   148
       Lesser Beckoning  |       |       |       |       |     5 |       ||     5
Invok: Slouch            |       |       |       |     2 |    13 |       ||    15
       Temporal Distorti |       |       |       |       |     4 |       ||     4
       Bend Time         |       |       |       |       |     3 |     2 ||     5
       Step From Time    |       |       |       |       |     5 |     1 ||     6
 Abil: End Transformatio |       |       |     3 |     1 |    19 |     3 ||    26
Evoke: Wand              |       |       |     5 |     3 |    17 |     3 ||    28
  Use: Scroll            |     1 |    12 |       |    11 |    14 |       ||    38
       Potion            |       |     2 |     3 |     1 |     6 |       ||    12
 Stab: Sleeping          |     4 |     1 |     9 |    16 |    38 |     1 ||    69
       Distracted        |       |     2 |     4 |     6 |     7 |       ||    19
  Eat: Chunk             |     1 |    11 |    14 |    18 |    31 |       ||    75
       Ration            |       |       |     2 |     3 |       |     2 ||     7
Armor: Skin              |    10 |    12 |    41 |    11 |    19 |     4 ||    97
Dodge: Dodged            |    57 |   108 |   305 |   401 |   781 |    67 ||  1719
Block: Buckler           |       |       |       |     7 |   105 |     5 ||   117
